 Dungeon Crawl Stone Soup version 0.23.2-1-ga50397a6bc (webtiles) character file.

Game seed: 7923075785680375366

57 Rediskos the Skirmisher (level 4, 0/40 HPs)
             Began as a Hill Orc Fighter on May 12, 2019.
             Was an Initiate of Zin.
             Slain by an adder (1 damage)
             ... on level 2 of the Dungeon.
             The game lasted 00:04:00 (1684 turns).

Rediskos the Skirmisher (Hill Orc Fighter)          Turns: 1684, Time: 00:04:00

Health: 0/40       AC:  7    Str: 19    XL:     4   Next: 0%
Magic:  4/4        EV:  7    Int:  8    God:    Zin [......]
Gold:   36         SH:  9    Dex: 10    Spells: 3/3 levels left

rFire    . . .     SeeInvis .   a - +0 war axe
rCold    . . .     Gourm    .   c - +0 shield
rNeg     . . .     Faith    .   b - +0 scale mail
rPois    .         Spirit   .   (no helmet)
rElec    .         Reflect  .   (no cloak)
rCorr    .         Harm     .   (no gloves)
MR       .....                  (no boots)
Stlth    ..........             (no amulet)
HPRegen  0.13/turn              (no ring)
MPRegen  0.09/turn              (no ring)

@: lethally poisoned (0 -> -9)
A: no striking features
a: Donate Gold, Renounce Religion


You were on level 2 of the Dungeon.
You worshipped Zin.
Zin was noncommittal.
You were not hungry.

You visited 1 branch of the dungeon, and saw 2 of its levels.

You collected 40 gold pieces.
You donated 4 gold pieces to Zin.

Inventory:

Hand Weapons
 a - a +0 war axe (weapon)
Armour
 b - a +0 scale mail (worn)
 c - a +0 shield (worn)
 p - a scarf of cloud immunity
Jewellery
 l - an uncursed amulet of rage {unknown}
Scrolls
 e - a scroll of magic mapping {unknown}
 g - 4 scrolls of identify {unknown}
 k - a scroll of amnesia {unknown}
 n - a scroll of teleportation {unknown}
Potions
 d - a potion of might
 h - 3 potions of curing {unknown}
 i - 2 potions of flight {unknown}
 j - 2 potions of haste {unknown}
 m - a potion of berserk rage {unknown}
 o - 2 potions of cancellation {unknown}
Comestibles
 f - 6 rations
 q - a chunk of flesh


   Skills:
 + Level 4.1 Fighting
 * Level 4.0 Axes
 + Level 3.7 Armour
 + Level 3.7 Shields


You had 3 spell levels left.
You didn't know any spells.
Your spell library was empty.

Dungeon Overview and Level Annotations

Branches:
Dungeon (2/15)

Altars:
Gozag
Vehumet
Zin


Message History

The adder is almost dead.
You feel sick. The adder bites you but does no damage.
The adder barely misses you.
You closely miss the adder.
The adder is almost dead.
You feel sick. The adder bites you.
* * * LOW HITPOINT WARNING * * *
You are more poisoned.
The adder poisons you! You block the adder's attack.
You barely miss the adder.
The adder is almost dead.
* * * LOW HITPOINT WARNING * * *
You feel sick.
The adder bites you but does no damage. x2
Your shield and scale mail prevent you from hitting the adder.
The adder is almost dead.
* * * LOW HITPOINT WARNING * * *
You feel sick. The adder bites you.
* * * LOW HITPOINT WARNING * * *
The adder bites you.
You die...

.....#...[...#.......#.#...#.#...
.....#.......#.......#...#.#.#...
.....#.......#.......#...#.#.####
....###.....###.....##..##.#..###
...## ##...## ##...###.....#.....
#'#######'#######'#####.####..###
...........................#..###
......................#.#........
................@†....#..........
#'#######'#######S###.##.........
...## ##...## ..##......#.....
....###.....## ...#####..#.....
.....#.......# ....# #..#..#.#
.....#.......# ....# #..#....#
.....#.......# [...# #..##....
....###.....## ...## ##........
...## ##...## ####..####...


You could see an adder.

Vanquished Creatures
  An adder (D:2)
  An ooze (D:2)
  A worm (D:2)
  A dart slug (D:2)
  2 leopard geckos (D:1)
  A giant cockroach (D:1)
  8 goblins
  4 hobgoblins
  3 quokkas (D:2)
  A bat (D:1)
  A frilled lizard (D:1)
  8 kobolds
  3 rats
35 creatures vanquished.

Notes
Turn   | Place    | Note
-------+----------+-------------------------------------------
     0 | D:1      | Rediskos the Hill Orc Fighter began the quest for the Orb.
     0 | D:1      | Reached XP level 1. HP: 19/19 MP: 1/1
   105 | D:1      | Reached XP level 2. HP: 27/27 MP: 2/2
  1107 | D:2      | Found a radiant altar of Vehumet.
  1117 | D:2      | Reached XP level 3. HP: 32/33 MP: 3/3
  1587 | D:2      | Found an opulent altar of Gozag.
  1588 | D:2      | Found a glowing silver altar of Zin.
  1602 | D:2      | Became a worshipper of Zin the Law-Giver
  1674 | D:2      | Reached XP level 4. HP: 24/40 MP: 4/4
  1684 | D:2      | HP: 2/40 [poisoned by an adder]
  1684 | D:2      | Slain by an adder

Skill      XL: |  1  2  3 |
---------------+----------+-----
Axes           | 3 4 |  4.0
Fighting       | 4 |  4.1
Armour         | |  3.7
Shields        | |  3.7

Action                   |  1- 3 |  4- 6 || total
-------------------------+-------+-------++-------
Melee: War axe           |   120 |    10 ||   130
  Eat: Chunk             |     3 |       ||     3
Armor: Scale mail        |    56 |     6 ||    62
Dodge: Dodged            |    38 |     4 ||    42
Block: Shield            |    68 |     3 ||    71
